 Dungeon Crawl Stone Soup version 0.24.0-29-g8ce449bc06 (webtiles) character file.

Game seed: 14468209878517721131, levelgen mode: deterministic

92 Flugslaktarn the Shield-Bearer (level 4, -5/37 HPs)
             Began as a Formicid Fighter on Nov 15, 2019.
             Slain by an ogre
             ... wielding a +0 giant club
              (12 damage)
             ... on level 4 of the Dungeon.
             The game lasted 00:00:51 (2489 turns).

Flugslaktarn the Shield-Bearer (Formicid Fighter)   Turns: 2489, Time: 00:00:51

Health: -5/37      AC:  8    Str: 21    XL:     4   Next: 90%
Magic:  4/4        EV:  8    Int:  8    God:
Gold:   160        SH:  9    Dex: 10    Spells: 3/3 levels left

rFire    . . .     SeeInvis +   a - +0 war axe
rCold    . . .     Gourm    .   c - +0 shield
rNeg     . . .     Faith    .   b - +0 scale mail
rPois    .         Spirit   .   (helmet unavailable)
rElec    .         Reflect  .   j - +0 cloak
rCorr    .         Harm     .   (no gloves)
MR       .....                  (no boots)
Stlth    ..........             (no amulet)
HPRegen  0.12/turn              (no ring)
MPRegen  0.09/turn              (no ring)

@: no status effects
A: permanent stasis, dig shafts and tunnels, four strong arms, antennae 3
a: Dig, Shaft Self


You were on level 4 of the Dungeon.
You were not hungry.

You visited 1 branch of the dungeon, and saw 4 of its levels.

You collected 160 gold pieces.

Inventory:

Hand Weapons
 a - a +0 war axe (weapon)
Armour
 b - a +0 scale mail (worn)
 c - a +0 shield (worn)
 j - a +0 cloak (worn)
   (You found it on level 1 of the Dungeon)
Jewellery
 k - an uncursed ring of protection from fire {unknown}
   (You found it on level 1 of the Dungeon)
 n - an uncursed ring of magical power {unknown}
   (You found it on level 2 of the Dungeon)
Scrolls
 g - 2 scrolls of remove curse {unknown}
 h - 3 scrolls of teleportation {unknown}
 i - a scroll of identify {unknown}
 l - a scroll of enchant weapon {unknown}
 p - a scroll of enchant armour {unknown}
 q - a scroll of amnesia {unknown}
Potions
 d - a potion of might
 f - a potion of degeneration {unknown}
 o - 2 potions of curing {unknown}
Comestibles
 e - 2 rations
 m - 2 chunks of flesh


   Skills:
 + Level 3.9 Fighting
 * Level 3.3 Axes
 + Level 3.9 Armour
 + Level 4.2 Shields


You had 3 spell levels left.
You didn't know any spells.
Your spell library was empty.

Dungeon Overview and Level Annotations

Branches:
Dungeon (4/15)
 Temple: D:4-7

Altars:
Ashenzari
Dithmenos


Innate Abilities, Weirdness & Mutations

You cannot be hasted, slowed, berserked, paralysed or teleported.
You can dig through walls and to a lower floor.
Your four strong arms can wield two-handed weapons with a shield.
You have a pair of large antennae on your head. (SInv)


Message History

You hit the ogre. You hit the hound skeleton.
The hound skeleton closely misses you. You block the ogre's attack.
The ogre closely misses you.
You hit the ogre but do no damage.
The ogre is almost dead.
You closely miss the ogre. You hit the hound skeleton.
The hound skeleton bites you but does no damage.
The ogre barely misses you.
The hound skeleton bites you but does no damage.
The ogre hits you with a cursed -2 giant club!
* * * LOW HITPOINT WARNING * * *
You are too injured to fight recklessly!
You are too injured to fight recklessly!
You are too injured to fight recklessly!
Unknown command.
The hound skeleton barely misses you.
The hound skeleton bites you but does no damage.
There is a stone staircase leading up here.
The ogre hits you with a +0 giant club!
You die...

.. .... ....
....#####
......#######
#####?.........#
......w........#
.###...Z@......#
......)OO......#
##....)))...%..#
...............#
#.>##.....?....#
.. #..........#
. #..........#
#..........#
..#########


You could see 2 ogres, a worm and a hound skeleton.

Vanquished Creatures
  Terence (D:3)
  An adder (D:3)
  An ooze (D:3)
  4 worms (D:3)
  A dart slug (D:2)
  5 orcs
  2 giant cockroaches
  A goblin (D:1)
  4 hobgoblins (D:1)
  2 jackals (D:1)
  4 kobolds
  7 bats
  2 frilled lizards
  3 rats
38 creatures vanquished.

Notes
Turn   | Place    | Note
-------+----------+-------------------------------------------
     0 | D:1      | Flugslaktarn the Formicid Fighter began the quest for the
                  | Orb.
     0 | D:1      | Reached XP level 1. HP: 18/18 MP: 1/1
   236 | D:1      | Reached XP level 2. HP: 24/24 MP: 2/2
  1182 | D:2      | Reached XP level 3. HP: 29/29 MP: 3/3
  1225 | D:2      | Found a shattered altar of Ashenzari.
  1463 | D:3      | Reached skill level 4 in Shields
  1906 | D:3      | Reached XP level 4. HP: 37/37 MP: 4/4
  1919 | D:3      | Noticed Terence
  1928 | D:3      | Killed Terence
  2329 | D:3      | Found a shadowy altar of Dithmenos.
  2478 | D:4      | Noticed an ogre
  2479 | D:4      | Noticed an ogre
  2489 | D:4      | Slain by an ogre

Levels and vault maps discovered:
D:1:      dpeg_arrival_court, layout_basic
D:2:      layout_basic, nicolae_overflow_crystal_walls,
          gammafunk_temple_overflow_pools, minmay_misc_feat_nine_boxes,
          minmay_tree_intersection
D:3:      layout_basic, lemuel_coloured_pillars_altar, first_ration,
          st_stairs_13, hangedman_decor_growths, minivault_4, uniq_terence
D:4:      layout_rooms, serial_shops, kennysheep_mini_moat, shop,
          nicolae_shop_behind_doors, shop, nicolae_shop_window_shopping,
          led_sif_pool

Skill      XL: |  1  2  3  4 |
---------------+-------------+-----
Shields        | 4 |  4.2
Axes           | 3 |  3.3
Fighting       | |  3.9
Armour         | |  3.9

Action                   |  1- 3 |  4- 6 || total
-------------------------+-------+-------++-------
Melee: War axe           |   110 |    35 ||   145
  Eat: Chunk             |     3 |     2 ||     5
Armor: Scale mail        |    51 |    20 ||    71
Dodge: Dodged            |    33 |    16 ||    49
Block: Shield            |    63 |    21 ||    84
